 Dungeon Crawl Stone Soup version 0.20-a0-540-ge6d1839 (webtiles) character file.

780 Lahna the Skirmisher (level 7, -5/61 HPs)
             Began as a Ghoul Fighter on Jan 30, 2017.
             Was a Follower of Qazlal.
             Killed by divine providence
             ... invoked by an orc priest
              (16 damage)
             ... on level 5 of the Dungeon.
             The game lasted 00:11:22 (4684 turns).

Lahna the Skirmisher (Ghoul Fighter)                Turns: 4684, Time: 00:11:22

Health: -5/61      AC:  7    Str: 20    XL:     7   Next: 85%
Magic:  7/7        EV:  8    Int:  4    God:    Qazlal [*.....]
Gold:   296        SH: 11    Dex:  9    Spells: 6/6 levels left

rFire    . . .     SeeInvis .     - Unarmed
rCold    + . .     Gourm    .   a - +0 scale mail
rNeg     + + +     Faith    .   b - +0 shield
rPois    ∞         Spirit   .   (no helmet)
rElec    .         Reflect  .   (no cloak)
rCorr    .         Harm     .   (no gloves)
MR       .....                  (no boots)
Stlth    ..........             (no amulet)
Regen    0.1/turn               (no ring)
                                (no ring)

@: rotting
A: rotting body, claws 1, carnivore 3, cold resistance 1, negative energy
resistance 3, slow regeneration 1, torment resistance, unbreathing
a: Renounce Religion


You were on level 5 of the Dungeon.
You worshipped Qazlal.
Qazlal was aware of your devotion.
You were not hungry.

You visited 2 branches of the dungeon, and saw 6 of its levels.
You also visited: Sewer.

You collected 310 gold pieces.
You spent 14 gold pieces at shops.

Inventory:

Armour
 a - a +0 scale mail (worn)
 b - a +0 shield (worn)
Jewellery
 v - an uncursed amulet of harm {unknown}
Wands
 g - a wand of enslavement (9/24)
Scrolls
 c - a scroll of fog
 e - 5 scrolls of fear
 i - 3 scrolls of remove curse
 k - 4 scrolls of teleportation
 l - a scroll of noise {unknown}
 m - 2 scrolls of recharging {unknown}
 n - a scroll of blinking
 s - 2 scrolls of magic mapping
 w - a scroll of identify
Potions
 f - a potion of invisibility
 h - 5 potions of heal wounds
 j - 5 potions of curing
 p - a potion of agility
 q - 4 potions of brilliance
 r - a potion of magic
Books
 t - a book of Misfortune

   Spells                             Type                      Level
   a - Confusing Touch                Hexes                        1
   b - Confuse                        Hexes                        3
   c - Gell's Gravitas                Hexes/Translocation          3
   d - Petrify                        Transmutation/Earth          4
   e - Metabolic Englaciation         Hexes/Ice                    5
   f - Yara's Violent Unravelling     Hexes/Transmutation          5
Comestibles
 d - 5 meat rations
 o - 3 royal jellies
 u - 12 chunks of flesh


   Skills:
 + Level 5.0 Fighting
 + Level 4.1 Armour
 + Level 2.6 Dodging
 + Level 4.5 Shields
 + Level 4.4 Unarmed Combat
 + Level 2.5 Invocations


You had 6 spell levels left.
You didn't know any spells.

Dungeon Overview and Level Annotations

Branches:
Dungeon (5/15)             Temple (1/1) D:4

Altars:
Dithmenos
Fedhas
Gozag
Hepliaklqana
Kikubaaqudgha
Makhleb
Okawaru
Qazlal
Ru
Sif Muna
Uskayaw
Vehumet
The Shining One

Shops:
D:4 *


Innate Abilities, Weirdness & Mutations

Your body is rotting away.
You thrive on raw meat.
You are immune to poison.
You have sharp fingernails.
You are carnivorous and can eat meat at any time.
Your flesh is cold resistant. (rC+)
You are immune to negative energy. (rN+++)
You regenerate slowly when monsters are visible.
You are immune to unholy pain and torment.
You can survive without breathing.


Message History

The quasit claws you but does no damage.
The quasit barely misses you.
The quasit bites you but does no damage.
You block the quasit's attack.
The quasit claws you but does no damage.
The orc priest looks braver for a moment.
You block the quasit's attack. The quasit claws you.
* * * LOW HITPOINT WARNING * * *
The quasit claws you but does no damage.
The quasit bites you.
* * * LOW HITPOINT WARNING * * *
The quasit claws you but does no damage.
You block the quasit's attack. The quasit barely misses you.
The quasit claws you but does no damage.
The quasit barely misses you.
Found a scroll of blinking.
The orc priest invokes the aid of Beogh against you.
Beogh smites you!
You die...

.........▒▒▒▒▒
.............▒
.............▒ ▒▒▒▒▒
.............+ ?...
.............▒▒▒.▒▒▒
...................▒
............J§.....▒▒▒▒▒▒
.............oo..........
.........▒▒▒▒▒▒▒5@.......
.........▒ ▒▒▒▒.▒▒▒▒▒
.....(...▒ .▒ .).......▒
▒ .[▒▒▒▒▒▒▒▒ .[.......
......... .........
.........


You could see a jelly, 2 orc priests and a quasit.

Vanquished Creatures
  Eustachio (D:4)
  The ghost of Lahna the Twirler, an amateur DsGl (D:3)
  A howler monkey (D:5)
  2 hounds (D:5)
  3 orc priests
  4 orc wizards
  2 iguanas (D:5)
  6 adders
  A gnoll (D:1)
  2 river rats
  A shadow imp (D:5)
  An adder skeleton (D:4)
  2 dart slugs (D:1)
  A leopard gecko (D:3)
  16 orcs
  4 giant cockroaches
  6 goblins
  6 hobgoblins
  3 jackals
  2 quokkas
  4 ball pythons
  9 bats
  9 frilled lizards
  A jackal zombie (D:4)
  13 kobolds
  A leopard gecko skeleton (D:4)
  14 rats
116 creatures vanquished.

Notes
Turn   | Place    | Note
-------+----------+-------------------------------------------
     0 | D:1      | Lahna the Ghoul Fighter began the quest for the Orb.
     0 | D:1      | Reached XP level 1. HP: 19/19 MP: 0/0
    32 | D:1      | Reached XP level 2. HP: 15/26 MP: 1/1
   527 | D:1      | Reached XP level 3. HP: 30/31 MP: 2/2
  1434 | D:2      | Reached XP level 4. HP: 10/40 MP: 3/3
  1706 | D:2      | Found a blossoming altar of Fedhas.
  1992 | D:3      | Found a glowing drain.
  1996 | Sewer    | Entered a sewer
  2117 | Sewer    | Reached skill level 1 in Dodging
  2419 | Sewer    | Reached XP level 5. HP: 46/46 MP: 4/4
  2537 | D:3      | Noticed Lahna's ghost (amateur DsGl)
  2549 | D:3      | Reached skill level 4 in Fighting
  2568 | D:3      | Killed Lahna's ghost
  2568 | D:3      | Reached XP level 6. HP: 47/53 MP: 5/5
  2653 | D:3      | Found a shadowy altar of Dithmenos.
  3498 | D:4      | Found a deep blue altar of Sif Muna.
  3595 | D:4      | Found a staircase to the Ecumenical Temple.
  3659 | Temple   | Entered the Ecumenical Temple
  3761 | Temple   | Became a worshipper of Qazlal Stormbringer
  3821 | D:4      | Noticed Eustachio
  3844 | D:4      | Killed Eustachio
  3844 | D:4      | Reached skill level 1 in Invocations
  3844 | D:4      | Reached XP level 7. HP: 33/59 MP: 6/6
  4264 | D:4      | Found Teuwus's General Store.
  4270 | D:4      | Bought a scroll of random uselessness for 14 gold pieces
  4299 | D:5      | Entered Level 5 of the Dungeon
  4528 | D:5      | Found a sacrificial altar of Ru.
  4559 | D:5      | Reached skill level 5 in Fighting
  4657 | D:5      | Reached * piety under Qazlal
  4684 | D:5      | Killed from afar by an orc priest

Vault maps used:
D:1:      dpeg_arrival_water_temple_mockup, minmay_pentomino_t2
D:2:      fedhas_altar_3, first_bread
D:3:      nicolae_dithmenos_shadow_blocks, gup_sewer_entry_bowl
D:4:      lemuel_round_altar, minmay_temple_entry_grid, serial_shops, shop,
          uniq_eustachio
D:5:      minmay_ruined_shrine, uniq_duvessa
Temple:   regret_index_temple_generic_petals
Sewer:    sewer_co_cracked_pipes

Skill      XL: |  1  2  3  4  5  6  7 |
---------------+----------------------+-----
Shields        | 3 4 |  4.5
Armour         | 3 4 |  4.1
Unarmed Combat | 3 4 |  4.4
Dodging        | 1 2 |  2.6
Fighting       | 4 5 |  5.0
Invocations    | 1 2 |  2.5

Action                   |  1- 3 |  4- 6 |  7- 9 || total
-------------------------+-------+-------+-------++-------
Melee: Unarmed           |   128 |   244 |   109 ||   481
  Use: Potion            |       |     1 |       ||     1
       Scroll            |       |    11 |     3 ||    14
  Eat: Chunk             |     2 |     8 |     3 ||    13
Armor: Scale mail        |    76 |    84 |    30 ||   190
Dodge: Dodged            |    67 |    94 |    27 ||   188
Block: Shield            |    69 |   128 |    54 ||   251
